 Dungeon Crawl Stone Soup version 0.29.1-2-gbd0b4ee654 (webtiles) character file.

Game seed: 4333738500299436036

730 Icepheonix32 the Trooper (level 7, -2/64 HPs)
             Began as a Minotaur Fighter on Oct 24, 2022.
             Was an Initiate of Okawaru.
             Slain by a gnoll
             ... wielding a +2 spear of distortion
             ... led by a gnoll sergeant
              (6 damage)
             ... on level 5 of the Dungeon.
             The game lasted 00:03:43 (3743 turns).

Icepheonix32 the Trooper (Minotaur Fighter)         Turns: 3743, Time: 00:03:44

Health: -2/64      AC:  6    Str: 23    XL:     7   Next: 44%
Magic:  6/7        EV: 11    Int:  5    God:    Okawaru [......]
Gold:   239        SH: 10    Dex: 11    Spells: 6/6 levels left

rFire   . . .      SeeInvis .   f - +2 short sword (elec)
rCold   . . .      Faith    .   c - +0 buckler
rNeg    . . .      Spirit   .   k - +1 leather armour of Wu Jian {rPois Str+2}
rPois   +          Reflect  +   (helmet restricted)
rElec   .          Harm     .   (no cloak)
rCorr   .          Rampage  .   (no gloves)
Will    .....                   l - +1 pair of boots
Stlth   +.........              e - amulet of reflection
HPRegen 0.20/turn               (no ring)
MPRegen 0.10/turn               (no ring)

@: no status effects
A: horns 2, retaliatory headbutt
a: Renounce Religion


You were on level 5 of the Dungeon.
You worshipped Okawaru.
Okawaru was noncommittal.
You visited 1 branch of the dungeon, and saw 5 of its levels.

You collected 239 gold pieces.

Inventory:

Hand Weapons
 a - a +0 war axe
 f - a +2 short sword of electrocution (weapon)
 g - the +7 short sword of Action {pain, +Blink Will+++ Int-5 Dex+4}
   (You found it on level 3 of the Dungeon)

   In the hands of one skilled in necromantic magic, it inflicts extra damage on
   living creatures.
   Int:       It affects your intelligence (-5).
   Dex:       It affects your dexterity (+4).
   +Blink:    It lets you blink.
   Will:      It greatly increases your willpower.
Missiles
 n - 4 silver javelins (quivered)
Armour
 b - a +0 scale mail
 c - a +0 buckler (worn)
 k - the +1 leather armour of Wu Jian (worn) {rPois Str+2}
   (You found it on level 2 of the Dungeon)

   Str:       It affects your strength (+2).
   rPois:     It protects you from poison.
 l - a +1 pair of boots (worn)
Jewellery
 e - an amulet of reflection (around neck)
Scrolls
 h - a scroll of amnesia
 i - a scroll of fear
 j - a scroll of noise {unknown}
 o - a scroll of identify
 p - a scroll of butterflies
 q - a scroll of poison {unknown}
 r - a scroll of silence
 s - a scroll of magic mapping
Potions
 d - a potion of might
 m - a potion of degeneration


   Skills:
 * Level 6.3 Fighting
 + Level 3.4 Short Blades
 + Level 3.5 Axes
 + Level 5.3 Armour
 + Level 2.1 Dodging
 + Level 1.2 Stealth
 + Level 5.3 Shields
 * Level 1.3 Invocations


You had 6 spell levels left.
You didn't know any spells.
Your spell library was empty.

Dungeon Overview and Level Annotations

Branches:
Dungeon (5/15)
 Temple: D:4-7

Altars:
Cheibriados
Okawaru
Wu Jian

Shops:
D:2 [:(


Innate Abilities, Weirdness & Mutations

You have a pair of horns on your head.
You reflexively headbutt those who attack you in melee.


Message History

The gnoll bouda is severely wounded.
The gnoll is no longer moving quickly.
The gnoll bouda barks out a call to the hunt!
The gnoll picks up the pace!
You closely miss the gnoll bouda.
The gnoll bouda is severely wounded.
The gnoll is no longer moving quickly.
You block the gnoll bouda's attack.
You barely miss the gnoll bouda. Your headbutt misses the gnoll bouda.
The gnoll bouda is severely wounded.
The gnoll bouda barks out a call to the hunt!
The gnoll picks up the pace!
You hit the gnoll bouda but do no damage.
Your headbutt misses the gnoll bouda.
The gnoll bouda is severely wounded.
The gnoll bouda mumbles some strange prayers to its god.
The gnoll bouda is healed somewhat.
You hit the gnoll bouda. You headbutt the gnoll bouda!
The gnoll bouda is almost dead.
The gnoll bouda hits you with a +0 whip.
You hit the gnoll bouda.
You kill the gnoll bouda!
Okawaru accepts your kill.
The gnoll is no longer moving quickly.
You hit the gnoll but do no damage.
You headbutt the gnoll, but do no damage.
The gnoll closely misses you.
The gnoll hits you from afar with a +2 spear of distortion.
You blink.
Your attacks no longer feel as feeble.
The gnoll hits you with a +0 club. You block the gnoll's attack.
The gnoll hits you with a +2 spear of distortion.
Space warps horribly around you!!
* * * LOW HITPOINT WARNING * * *
You hit the gnoll but do no damage. Your headbutt misses the gnoll.
The gnoll is no longer moving quickly.
The gnoll closely misses you. x2
You hit the gnoll. Your headbutt misses the gnoll.
The gnoll is moderately wounded.
The gnoll closely misses you.
The gnoll hits you with a +2 spear of distortion.
You die...

# #.##...#.##.##.#########.#
#. # #....#.........# #.# #. #
#.....######### #.# #. #
#..#.## #.# #. # #..#.# #.# #.
####..#.# #.# #. ........#
#.#####. ####..###
#############.##....
#..########.g@gg)..........##.
#...........###########..####.
...########## ##..#..) ..##
♣....♣. ♣♣. ♣♣g)..♣ ♣ ♣).♣♣♣
♣..g♣♣ ♣.g.♣ ♣...


You could see 3 gnolls.

Vanquished Creatures
  A centaur (D:5)
  A phantom (D:4)
  A scorpion (D:5)
  A gnoll sergeant (D:5)
  A hound (D:5)
  2 jellies
  2 orc priests
  A gnoll bouda (D:5)
  An iguana (D:4)
  An orc wizard (D:5)
  9 gnolls
  4 adders
  A worm (D:4)
  4 dart slugs
  11 orcs
  5 bats
  7 endoplasms
  4 giant cockroaches
  4 goblins
  6 hobgoblins
  3 jackals (D:1)
  6 kobolds
  3 quokkas
  10 ball pythons
  4 frilled lizards
  7 rats
100 creatures vanquished.

Vanquished Creatures (others)
  55 plants (D:5)
  4 toadstools (D:1)
59 creatures vanquished.

Grand Total: 159 creatures vanquished

Notes
Turn   | Place    | Note
-------+----------+-------------------------------------------
     0 | D:1      | Icepheonix32 the Minotaur Fighter began the quest for the
                  | Orb.
     0 | D:1      | Reached XP level 1. HP: 19/19 MP: 0/0
    44 | D:1      | Reached skill level 4 in Fighting
    99 | D:1      | Reached XP level 2. HP: 27/27 MP: 1/1
   681 | D:1      | Reached XP level 3. HP: 31/34 MP: 2/2
   879 | D:2      | Found Okkaosa's Antique Weapon Boutique.
   896 | D:2      | Found a faded altar of an unknown god.
  1038 | D:2      | Found an ornate altar of the Wu Jian Council.
  1212 | D:2      | Found Giossoy's Book Shoppe.
  1272 | D:2      | Identified the +1 leather armour of Wu Jian {rPois Str+2}
  1340 | D:2      | Reached XP level 4. HP: 34/41 MP: 3/3
  1497 | D:2      | Found Mips's Antique Armour Boutique.
  2175 | D:3      | Identified the +7 short sword of Action {pain, +Blink
                  | Will+++ Int-5 Dex+4}
  2508 | D:4      | Reached XP level 5. HP: 47/47 MP: 4/4
  2514 | D:4      | Reached skill level 5 in Fighting
  2570 | D:4      | Found a snail-covered altar of Cheibriados.
  2603 | D:4      | Reached skill level 1 in Stealth
  2608 | D:4      | Reached skill level 5 in Armour
  2861 | D:4      | Noticed a phantom
  2862 | D:4      | Reached skill level 1 in Short Blades
  2867 | D:4      | Killed a phantom
  2868 | D:4      | Reached skill level 1 in Dodging
  2868 | D:4      | Reached XP level 6. HP: 29/56 MP: 5/5
  3263 | D:5      | Entered Level 5 of the Dungeon
  3308 | D:5      | Found an iron altar of Okawaru.
  3347 | D:5      | Became a worshipper of Warmaster Okawaru
  3406 | D:5      | Reached skill level 6 in Fighting
  3570 | D:5      | Reached XP level 7. HP: 56/63 MP: 6/6
  3619 | D:5      | Reached skill level 5 in Shields
  3692 | D:5      | Reached skill level 1 in Invocations
  3743 | D:5      | Slain by a gnoll

Illustrated notes

Levels and vault maps discovered:
D:1:      ldierk_walled_garden_2, layout_basic
D:2:      layout_loops_ring, serial_shops, nicolae_shop_window_shopping,
          shop_statue, shop, basic_altar, basic_ecumenical_altar,
          chequers_serial_rivers_marsh, uniq_crazy_yiuf_cottage
D:3:      layout_rooms, st_stairs_14
D:4:      layout_loops_cross, cheibriados_altar_1, minmay_misc_feat_room,
          kennysheep_dice
D:5:      wad_woods_tower, layout_loops_ring, overflow_temple_1_default,
          nicolae_hepliaklqana_hippocampus, temple_statues

Skill      XL: |  1  2  3  4  5  6  7 |
---------------+----------------------+-----
Fighting       | 4 5 6 |  6.3
Axes           | 3 |  3.5
Armour         | 4 5 |  5.3
Shields        | 4 5 |  5.3
Stealth        | 1 |  1.2
Short Blades   | 1 2 3 |  3.4
Dodging        | 1 2 |  2.1
Invocations    | 1 |  1.3

Action                   |  1- 3 |  4- 6 |  7- 9 || total
-------------------------+-------+-------+-------++-------
Melee: War axe           |    22 |       |       ||    22
       Headbutt          |    21 |    22 |     8 ||    51
       Short sword       |    68 |   129 |    28 ||   225
  Use: Scroll            |       |    10 |       ||    10
       Potion            |       |     4 |       ||     4
Armor: Scale mail        |    30 |       |       ||    30
       Leather armour    |       |    38 |     4 ||    42
Dodge: Dodged            |    34 |    50 |    12 ||    96
Block: Buckler           |    31 |    67 |    14 ||   112
       Reflection        |     1 |     1 |     1 ||     3
